AoeStats
← STONE

Arabia

510046708Analyzed
1v1 RM · 2d ago on Sep 29, 2026· 35m 35s· 2 players
Game mode
Random Map
Map size
Tiny (2 player)
Population
200
Speed
Normal
Resources
Standard
Victory
Conquest
Starting age
Dark Age
Ending age
Imperial Age
RankedLock teamsTeams togetherTeam positionsShared explorationLock speedFull tech treeHidden civsTurbo modeCheats
Victory
Defeat
🇦🇷 Hindustanis · Argentina
914
+15
🇨🇳 Magyars · China
901
-15
STONE
2:31 Loom
11:03 Feudal Age
13:16 Scale Barding Armor
15:49 Fletching
17:18 Wheelbarrow
16:28 Horse Collar
17:09 Padded Archer Armor
26:10 Castle Age
25:16 Double-Bit Axe
Nexblux
8:49 Loom
10:34 Feudal Age
11:27 Double-Bit Axe
11:28 Horse Collar
22:04 Castle Age
23:52 Bow Saw
Connection lost

Rejoining the realm…

Still unreachable

The connection could not be restored.

Session expired

The server has moved on; the page needs a fresh start.